 Dungeon Crawl Stone Soup version 0.23-a0-644-gb60d84b (webtiles) character file.

2885 Borgoz the Grappler (level 9, 0/71 HPs)
             Began as a Ghoul Gladiator on Jan 1, 2019.
             Slain by a killer bee (5 damage)
             ... on level 8 of the Dungeon.
             The game lasted 00:15:36 (5515 turns).

Borgoz the Grappler (Ghoul Gladiator)               Turns: 5515, Time: 00:15:37

Health: 0/71       AC:  8    Str: 18    XL:     9   Next: 77%
Magic:  17/17      EV: 12    Int:  3    God:
Gold:   371        SH:  0    Dex: 13    Spells: 8/8 levels left

rFire    + . .     SeeInvis .     - Unarmed
rCold    + . .     Gourm    .   (no shield)
rNeg     + + +     Faith    .   u - +0 scale mail
rPois    ∞         Spirit   .   b - +0 helmet
rElec    .         Reflect  .   (no cloak)
rCorr    .         Harm     .   (no gloves)
MR       .....                  (no boots)
Stlth    ..........             (no amulet)
HPRegen  0.00/turn              p - ring of protection from fire
MPRegen  0.15/turn              q - ring of magical power

@: rotting
A: rotting body, claws 1, carnivore, cold resistance 1, negative energy
resistance 3, inhibited regeneration, torment resistance, unbreathing
a: no special abilities


You were on level 8 of the Dungeon.
You were not hungry.

You visited 2 branches of the dungeon, and saw 9 of its levels.
You also visited: Ossuary.

You collected 371 gold pieces.

Inventory:

Missiles
 c - 6 throwing nets (quivered)
Armour
 b - a +0 helmet (worn)
 u - a +0 scale mail (worn)
Jewellery
 p - a ring of protection from fire (left claw)
 q - a ring of magical power (right claw)
 A - a +3 ring of dexterity
 C - a +5 ring of strength {unknown}
Wands
 v - a wand of random effects (24)
Scrolls
 e - 5 scrolls of remove curse
 h - a scroll of enchant armour {unknown}
 i - 7 scrolls of identify {unknown}
 j - 2 scrolls of teleportation {unknown}
 n - a scroll of fear {unknown}
 o - 2 scrolls of enchant weapon {unknown}
 r - 5 scrolls of blinking {unknown}
 s - 3 scrolls of random uselessness {unknown}
 w - a scroll of holy word {unknown}
 y - 2 scrolls of amnesia {unknown}
 z - a scroll of magic mapping {unknown}
Potions
 f - a potion of berserk rage {unknown}
 g - a potion of might {unknown}
 k - 2 potions of curing
 l - a potion of heal wounds {unknown}
 m - 3 potions of haste {unknown}
 t - a potion of magic {unknown}
 x - a potion of mutation {unknown}
 B - 2 potions of lignification {unknown}
 D - a potion of flight {unknown}
 F - a potion of degeneration {unknown}
Comestibles
 d - 14 rations
 E - 8 chunks of flesh


   Skills:
 + Level 4.3 Fighting
 - Level 1.7 Throwing
 + Level 5.3 Armour
 + Level 5.1 Dodging
 + Level 11.3 Unarmed Combat


You had 8 spell levels left.
You didn't know any spells.
Your spell library contained the following spells:

 Spells                   Type           Power        Failure   Level  Hunger
 Magic Dart               Conj           #...         87%         1    ##.....
 Blink                    Tloc           N/A          95%         2    ###....
 Call Imp                 Summ           #.......     95%         2    ###....
 Slow                     Hex            #.......     95%         2    ###....
 Conjure Flame            Conj/Fire      #.......     99%         3    ####...
 Mephitic Cloud           Conj/Pois/Air  #.......     99%         3    ####...


Dungeon Overview and Level Annotations

Branches:
Dungeon (8/15)             Temple (1/1) D:4
   Lair: D:8-11

Altars:
Dithmenos
Elyvilon
Fedhas
Gozag
Hepliaklqana
Kikubaaqudgha
Makhleb
Nemelex Xobeh
Ru
Sif Muna
Uskayaw
Vehumet
Wu Jian
Xom
Yredelemnul
Zin
The Shining One

Shops:
D:5 *   D:6 *


Innate Abilities, Weirdness & Mutations

Your body is rotting away.
You thrive on raw meat.
You are immune to poison.
You have sharp fingernails.
You are carnivorous and can eat meat at any time.
Your flesh is cold resistant. (rC+)
You are immune to negative energy. (rN+++)
You do not regenerate when monsters are visible.
You are immune to unholy pain and torment.
You can survive without breathing.


Message History

* * * LOW HITPOINT WARNING * * *
You feel better. The killer bee barely misses you. x2
The killer bee stings you but does no damage.
The centaur hits you but does no damage.
The killer bee stings you.
* * * LOW HITPOINT WARNING * * *
The killer bee barely misses you.
The killer bee stings you but does no damage.
The centaur hits you.
* * * LOW HITPOINT WARNING * * *
As you read the scroll labeled YNUXOWNAECI, it crumbles to dust.
You feel blessed for a moment.
It was a scroll of remove curse.
The killer bee stings you.
* * * LOW HITPOINT WARNING * * *
The killer bee closely misses you. The killer bee misses you.
The killer bee stings you but does no damage.
The centaur hits you.
* * * LOW HITPOINT WARNING * * *
The killer bee stings you.
You die...

####### ######
####.oJ..#
.....#
##..o.cyy.#
.....#
#..##Wy@..#
.....#
##y#####.......#
.....####y.#
#.......#
......#no.##
#.......#
.........##
#.......#
..........###
.......##
.......##.co#
#......#
.#####...y#y#
#......# .
#..Wy#.J.


You could see a phantom, a centaur, a jelly, 3 killer bees and 2 orcs.

Vanquished Creatures
  Eustachio (D:5)
  3 ice beasts
  A phantom (D:4)
  4 ogres
  A centaur (D:6)
  A big kobold (D:7)
  3 bullfrogs
  3 killer bees (D:8)
  2 scorpions
  A howler monkey (D:5)
  2 vampire bats (D:6)
  3 crimson imps
  2 orc priests
  4 hounds
  2 centaur zombies (Ossuary)
  A gnoll shaman (D:4)
  A centaur skeleton (D:6)
  2 iguanas
  Ijyb (D:4)
  A bullfrog skeleton (D:7)
  7 orc wizards
  4 worker ants
  4 big kobold zombies (Ossuary)
  5 mummies (Ossuary)
  A howler monkey zombie (D:5)
  9 gnolls
  A worker ant zombie (D:7)
  12 adders
  An adder zombie (D:6)
  3 oozes
  An adder skeleton (D:4)
  4 worms
  4 dart slugs
  5 leopard geckos
  28 orcs
  3 ball pythons
  9 bats
  A bat skeleton (D:6)
  6 bat zombies (D:6)
  4 giant cockroaches
  19 goblins
  5 hobgoblins
  4 jackals (D:1)
  15 kobolds
  A quokka (D:7)
  4 frilled lizards
  A hobgoblin zombie (Ossuary)
  9 rats
209 creatures vanquished.

Notes
Turn   | Place    | Note
-------+----------+-------------------------------------------
     0 | D:1      | Borgoz the Ghoul Gladiator began the quest for the Orb.
     0 | D:1      | Reached XP level 1. HP: 17/17 MP: 0/0
   111 | D:1      | Reached XP level 2. HP: 25/25 MP: 1/1
   422 | D:1      | Reached XP level 3. HP: 30/30 MP: 2/2
   739 | D:2      | Reached skill level 4 in Unarmed Combat
  1064 | D:2      | Reached XP level 4. HP: 32/36 MP: 3/3
  1123 | D:2      | Found a glowing golden altar of the Shining One.
  1245 | D:2      | Reached skill level 1 in Armour
  1392 | D:3      | Reached XP level 5. HP: 40/44 MP: 4/4
  1449 | D:2      | Reached skill level 5 in Unarmed Combat
  1557 | D:3      | Found a blossoming altar of Fedhas.
  1600 | D:3      | Found a faded altar of an unknown god.
  1917 | D:3      | Reached XP level 6. HP: 49/49 MP: 5/5
  2181 | D:4      | Noticed Ijyb
  2195 | D:4      | Killed Ijyb
  2277 | D:4      | Noticed a phantom
  2310 | D:4      | Killed a phantom
  2310 | D:4      | Reached skill level 6 in Unarmed Combat
  2354 | D:4      | Reached XP level 7. HP: 53/57 MP: 6/6
  2602 | D:4      | Found a staircase to the Ecumenical Temple.
  2643 | Temple   | Entered the Ecumenical Temple
  2893 | D:4      | Found a glowing silver altar of Zin.
  3122 | D:5      | Entered Level 5 of the Dungeon
  3126 | D:5      | Reached skill level 7 in Unarmed Combat
  3404 | D:5      | Found a white marble altar of Elyvilon.
  3412 | D:5      | Reached XP level 8. HP: 45/63 MP: 7/7
  3466 | D:5      | Reached skill level 8 in Unarmed Combat
  3622 | D:5      | Found Nocaiv's Mass Market.
  3661 | D:5      | Noticed Eustachio
  3792 | D:5      | Reached skill level 9 in Unarmed Combat
  4044 | D:5      | Killed Eustachio
  4212 | D:6      | Found an ornate altar of the Wu Jian Council.
  4221 | D:6      | Reached XP level 9. HP: 69/71 MP: 8/8
  4425 | D:6      | Reached skill level 5 in Armour
  4425 | D:6      | Reached skill level 10 in Unarmed Combat
  4461 | D:6      | Found Ofepp's Assorted Antiques.
  4499 | D:6      | Found an ancient bone altar of Kikubaaqudgha.
  4625 | D:6      | Found a sand-covered staircase.
  4632 | Ossuary  | Entered an ossuary
  4999 | D:6      | You fall through a shaft!
  5198 | D:7      | Reached skill level 5 in Dodging
  5275 | D:7      | Reached skill level 11 in Unarmed Combat
  5515 | D:8      | Slain by a killer bee

Vault maps used:
D:1:      eino_arrival_tree_alley, minivault_26
D:2:      tso_altar
D:3:      cheibrodos_greedy_goblins, nicolae_overflow_crystal_walls,
          first_ration, chequers_ecumenical_altar_simple_redux
D:4:      kennysheep_mini, minmay_temple_entry_wispy, st_stairs_12, uniq_ijyb
D:5:      minmay_shop_mass, elyvilon_altar_5, uniq_eustachio
D:6:      kennysheep_little_box, kennysheep_vampire_church,
          chequers_ossuary_entry_cave, serial_shops, shop,
          chequers_serial_rivers_marsh
D:7:      chequers_serial_rivers_micro_a
D:8:      lemuel_round_altar, slow_altar_2, grunt_temple_overflow_bloody_war,
          serial_shops, nicolae_shop_crystal, uniq_maurice
Temple:   chequers_temple_sunken
Ossuary:  ossuary_the_hunt_dpeg

Skill      XL: |  1  2  3  4  5  6  7  8  9 |
---------------+----------------------------+-----
Dodging        | 3 4 5 |  5.1
Unarmed Combat | 4 5 6 7 9 11 | 11.3
Armour         | 1 2 3 4 5 |  5.3
Fighting       | 3 4 |  4.3
Throwing       | |  1.7

Action                   |  1- 3 |  4- 6 |  7- 9 || total
-------------------------+-------+-------+-------++-------
Melee: Unarmed           |   162 |   236 |   467 ||   865
       Punch             |       |     4 |    14 ||    18
  Use: Potion            |       |       |     4 ||     4
       Scroll            |       |       |     1 ||     1
 Stab: Sleeping          |     1 |       |       ||     1
  Eat: Chunk             |    16 |    24 |    25 ||    65
Armor: Leather armour    |    46 |    15 |       ||    61
       Scale mail        |       |    52 |   201 ||   253
Dodge: Dodged            |   116 |   142 |   323 ||   581

Table legend:
 A = Non-vault XP
 B = Vault XP
 C = Vault XP percentage of total XP
 D = Non-vault monster count
 E = Vault monster count
 F = Vault count percentage of total count
                 A         B        C        D         E       F
            +---------+---------+-------+---------+---------+-------
      Total |    3446 |     676 |  16.4 |     174 |      35 |  16.7
            +---------+---------+-------+---------+---------+-------
        D:1 |      34 |       0 |   0.0 |      21 |       0 |   0.0
        D:2 |     149 |       0 |   0.0 |      25 |       0 |   0.0
        D:3 |     145 |      22 |  13.2 |      27 |      11 |  28.9
        D:4 |     575 |      41 |   6.7 |      33 |       2 |   5.7
        D:5 |    1067 |     208 |  16.3 |      21 |       1 |   4.5
        D:6 |     563 |     126 |  18.3 |      12 |       9 |  42.9
        D:7 |     559 |       0 |   0.0 |      28 |       0 |   0.0
        D:8 |     354 |       0 |   0.0 |       7 |       0 |   0.0
    Ossuary |       0 |     279 | 100.0 |       0 |      12 | 100.0
            +---------+---------+-------+---------+---------+-------
